 Dungeon Crawl Stone Soup version 0.19.3-4-gbf9329e (webtiles) character file.

7579 shas the Cleaver (level 10, -1/93 HPs)
             Began as a Minotaur Fighter on Jan 26, 2017.
             Was an Elder of Okawaru.
             Slain by a sun demon (19 damage)
             ... summoned by an orc sorcerer
             ... led by an orc knight
             ... on level 9 of the Dungeon on Jan 29, 2017.
             The game lasted 00:52:43 (11302 turns).

shas the Cleaver (Minotaur Fighter)                Turns: 11302, Time: 00:52:44

Health: -1/93      AC: -1    Str: 35    XL:     10   Next: 97%
Magic:  9/9        EV:  9    Int: 10    God:    Okawaru [****..]
Gold:   533        SH: 14    Dex:  9    Spells: 0 memorised, 9 levels left

rFire  . . .     SeeInvis .     a - +1 war axe
rCold  x . .     Gourm    +     s - +1 scale mail of Laiptaic {*Drain rC- rN+ Str+5}
rNeg   + . .     Faith    .     c - +1 shield
rPois  .         Spirit   .     (helmet restricted)
rElec  .         Reflect  .     t - +0 cloak
rCorr  .         Harm     .     (no gloves)
MR     .....                    (no boots)
Stlth  ..........               F - amulet of the gourmand
                                r - +5 ring of intelligence
                                i - ring of flight

@: mighty, corroded, drained
A: retaliatory headbutt, horns 2
a: Heroism, Renounce Religion, Evoke Flight


You were on level 9 of the Dungeon.
You worshipped Okawaru.
Okawaru was greatly pleased with you.
You were very full.

You visited 4 branches of the dungeon, and saw 12 of its levels.
You also visited: Sewer.

You collected 533 gold pieces.

Inventory:

Hand Weapons
 a - a +1 war axe (weapon)
Armour
 c - a +1 shield (worn)
 s - the +1 scale mail of Laiptaic (worn) {*Drain rC- rN+ Str+5}
   (You took it off an orc on level 4 of the Dungeon)

   It affects your strength (+5).
   It makes you vulnerable to cold.
   It protects you from negative energy.
   It causes draining when unequipped.
 t - a +0 cloak (worn)
Jewellery
 i - a ring of flight (left hand)
 r - a +5 ring of intelligence (right hand)
 F - an amulet of the gourmand (around neck)
Wands
 b - a wand of heal wounds (0/9)
 n - a wand of lightning (7/15)
 u - a wand of disintegration (6/24)
 w - a wand of disintegration (11/24)
Scrolls
 j - 3 scrolls of amnesia
 l - 7 scrolls of remove curse
 o - a scroll of identify
 y - 2 scrolls of enchant weapon
 C - a scroll of enchant armour
 D - a scroll of teleportation
Potions
 e - 4 potions of lignification
 k - 2 potions of agility
 m - 2 potions of invisibility
 p - a potion of flight {unknown}
 v - 2 potions of mutation {unknown}
 x - 3 potions of curing
 z - 2 potions of brilliance {unknown}
 A - 4 potions of heal wounds
 E - a potion of haste {unknown}
 G - a potion of resistance {unknown}
Comestibles
 d - a meat ration
 f - 10 bread rations
 h - 2 slices of pizza
 B - a beef jerky


   Skills:
 + Level 10.0(9.1) Fighting
 * Level 12.6(11.6) Axes
 + Level 9.4(8.4) Armour
 + Level 10.0(9.1) Shields


You had 9 spell levels left.
You didn't know any spells.

Dungeon Overview and Level Annotations

Branches:
Dungeon (9/15)             Temple (1/1) D:6            Lair (1/6) D:9
    Orc (1/2) D:9

Altars:
Cheibriados
Dithmenos
Elyvilon
Fedhas
Gozag
Kikubaaqudgha
Makhleb
Nemelex Xobeh
Okawaru
Qazlal
Ru
Sif Muna
Trog
Uskayaw
Vehumet
Xom
Yredelemnul
Zin
The Shining One

Shops:
D:5 (   D:8 %


Innate Abilities, Weirdness & Mutations

You reflexively headbutt those who attack you in melee.
You have a pair of horns on your head.


Message History

You completely miss the orc sorcerer. Your headbutt misses the orc sorcerer.
The orc sorcerer is moderately wounded.
You hit the sun demon but do no damage. You block the sun demon's attack.
The orc sorcerer points at you and mumbles some strange words.
The bolt of negative energy hits you! You partially resist.
You feel drained.
* * * LOW HITPOINT WARNING * * *
You feel much better. The sun demon barely misses you. You furiously retaliate!
You headbutt the sun demon, but do no damage.
The orc sorcerer barely misses you. You furiously retaliate!
You headbutt the orc sorcerer, but do no damage.
You completely miss the orc sorcerer. Your headbutt misses the orc sorcerer.
The orc sorcerer is moderately wounded.
You barely miss the sun demon. You block the sun demon's attack.
The orc sorcerer hits you with a dagger.
You closely miss the orc sorcerer. Your headbutt misses the orc sorcerer.
The orc sorcerer is moderately wounded.
You closely miss the sun demon. The sun demon hits you!!
* * * LOW HITPOINT WARNING * * *
You are engulfed in flames!!
You die...

#...# #.# # ####..######
#.# # #..........## #.##
######.##...###..### #..#
.....#.##.####.....####.#
####.#.##.#.....8.....#.#
.......##.#...........#.#
...............o3)......#
.....####..8....@....8..#
.###.# #.......[[.....##
## #.# #.#...........##
####.# #.#.....8.....#
.....####.####.....####
..........#.##.#.###
####.######......# #
#.#######.###)# #
#........[# #(#


You could see a sun demon and an orc sorcerer.

Vanquished Creatures
  An orc knight (D:9)
  A spiny frog (Lair:1)
  Psyche (D:9)
  2 trolls (D:9)
  Grinder (D:5)
  A hippogriff (D:7)
  The ghost of Paps the Chopper, an amateur HOFi (D:4)
  A hungry ghost (D:7)
  A steam dragon (D:9)
  A warg (D:9)
  A water moccasin (D:9)
  An ice beast (D:6)
  2 sky beasts
  6 orc warriors
  A black bear (D:3)
  3 wolves (D:9)
  7 ogres
  6 centaurs
  A crocodile (Lair:1)
  2 big kobolds
  8 bullfrogs
  A scorpion (D:8)
  4 howler monkeys
  2 electric eels (D:9)
  5 crimson imps
  2 jellies
  A centaur zombie (D:6)
  7 hounds
  A bullfrog zombie (D:8)
  11 orc priests
  Crazy Yiuf (D:2)
  10 orc wizards
  2 bullfrog skeletons
  5 iguanas
  A centaur skeleton (D:4)
  3 worker ants
  A hound skeleton (D:7)
  A howler monkey zombie (D:9)
  A howler monkey skeleton (D:4)
  2 worker ant zombies
  17 adders
  8 river rats
  2 shadow imps
  4 oozes
  An adder zombie (D:6)
  A worm (D:3)
  2 dart slugs
  2 leopard geckos
  46 orcs
  11 giant cockroaches
  11 hobgoblins
  7 jackals
  4 quokkas
  8 ball pythons
  11 bats
  9 frilled lizards
  7 goblins
  27 kobolds
  A quokka skeleton (D:8)
  29 rats
  A fungus (Lair:1)
319 creatures vanquished.

Vanquished Creatures (others)
  A fungus (Lair:1)
1 creature vanquished.

Grand Total: 320 creatures vanquished

Notes
Turn   | Place    | Note
-------+----------+-------------------------------------------
     0 | D:1      | shas the Minotaur Fighter began the quest for the Orb.
     0 | D:1      | Reached XP level 1. HP: 19/19 MP: 0/0
   209 | D:1      | Reached XP level 2. HP: 27/27 MP: 1/1
   740 | D:1      | Reached skill level 3 in Axes
  1060 | D:2      | Reached XP level 3. HP: 30/33 MP: 2/2
  1152 | D:2      | Found a runed door.
  1397 | D:2      | Upgraded the game from 0.19.3-1-g3169bf9 to 0.19.3-4-gbf9329e
  1468 | D:2      | Reached skill level 4 in Axes
  1468 | D:2      | Reached XP level 4. HP: 40/41 MP: 3/3
  1890 | D:2      | Noticed Crazy Yiuf
  1898 | D:2      | Killed Crazy Yiuf
  2092 | D:3      | Reached XP level 5. HP: 30/47 MP: 4/4
  2104 | D:3      | Reached skill level 5 in Axes
  2314 | D:3      | Reached skill level 5 in Shields
  2530 | D:3      | Noticed a black bear
  2534 | D:3      | Killed a black bear
  2534 | D:3      | Reached skill level 5 in Fighting
  2534 | D:3      | Reached XP level 6. HP: 56/56 MP: 5/5
  2962 | D:4      | Found an ancient bone altar of Kikubaaqudgha.
  2991 | D:4      | Reached skill level 6 in Axes
  3013 | D:4      | HP: 2/56 [ogre/giant club (20)]
  3342 | D:4      | Reached XP level 7. HP: 43/61 MP: 6/6
  3590 | D:4      | Reached skill level 7 in Axes
  3619 | D:4      | Noticed Paps's ghost (amateur HOFi)
  3920 | D:4      | Killed Paps's ghost
  3920 | D:4      | Reached skill level 5 in Armour
  4014 | D:4      | Got a shimmering scale mail
  4025 | D:4      | Identified the cursed +1 scale mail of Laiptaic {*Drain rC- rN+ Str+5} (You took it off an orc on level 4 of the Dungeon)
  4310 | D:5      | Entered Level 5 of the Dungeon
  4479 | D:5      | Found Pehipsac's Weapon Shoppe.
  4522 | D:5      | Reached XP level 8. HP: 36/71 MP: 2/7
  4741 | D:5      | Noticed Grinder
  4758 | D:5      | Killed Grinder
  4758 | D:5      | Reached skill level 8 in Axes
  5319 | D:6      | Reached skill level 9 in Axes
  5484 | D:6      | Found a glowing drain.
  5498 | Sewer    | Entered a sewer
  5913 | Sewer    | Reached XP level 9. HP: 79/79 MP: 8/8
  6135 | D:6      | Found a staircase to the Ecumenical Temple.
  6169 | Temple   | Entered the Ecumenical Temple
  6269 | Temple   | Became a worshipper of Warmaster Okawaru
  7171 | D:7      | Reached skill level 10 in Axes
  7188 | D:7      | Reached * piety under Okawaru
  8196 | D:8      | Found Mienwatt's Food Shoppe.
  8237 | D:8      | Reached skill level 11 in Axes
  8360 | D:8      | Reached ** piety under Okawaru
  8446 | D:8      | Reached XP level 10. HP: 74/90 MP: 9/9
  9012 | D:9      | Noticed Psyche
  9162 | D:9      | Killed Psyche
  9282 | D:9      | Reached *** piety under Okawaru
  9698 | D:9      | Found a staircase to the Lair.
  9802 | D:9      | Found a hide-covered altar of Uskayaw.
  9980 | D:9      | Reached skill level 12 in Axes
 10012 | D:9      | Found a staircase to the Orcish Mines.
 10477 | Lair:1   | Entered Level 1 of the Lair of Beasts
 10561 | Lair:1   | Noticed a spiny frog
 10566 | Lair:1   | Killed a spiny frog
 10632 | Lair:1   | Noticed a five-headed hydra
 10827 | Orc:1    | Entered Level 1 of the Orcish Mines
 10827 | Orc:1    | Noticed an orc sorcerer
 10831 | Orc:1    | Noticed an orc knight
 10838 | D:9      | Reached **** piety under Okawaru
 11127 | D:9      | Killed an orc knight
 11127 | D:9      | Reached skill level 10 in Fighting
 11127 | D:9      | Reached skill level 10 in Shields
 11276 | Orc:1    | Noticed a rust devil
 11281 | Orc:1    | Noticed an orange demon
 11290 | D:9      | Paralysed by an orc sorcerer for 2 turns
 11296 | D:9      | Noticed a sun demon
 11302 | D:9      | Slain by a sun demon

Skill      XL: |  1  2  3  4  5  6  7  8  9 10 |
---------------+-------------------------------+-----
Fighting       | 4 5 6 7 8 10 | 10.0
Shields        | 4 5 6 7 8 10 | 10.0
Axes           | 3 4 5 6 7 9 11 12 | 12.6
Armour         | 4 5 6 8 9 |  9.4

Action                   |  1- 3 |  4- 6 |  7- 9 | 10-12 || total
-------------------------+-------+-------+-------+-------++-------
Melee: War axe           |   133 |   164 |   412 |   234 ||   943
       Headbutt          |    10 |    26 |    82 |    48 ||   166
Evoke: Wand              |       |     1 |     2 |     9 ||    12
  Use: Scroll            |     7 |     4 |     7 |     7 ||    25
       Potion            |       |     1 |     1 |     3 ||     5
  Eat: Chunk             |     2 |     5 |    13 |    22 ||    42
       Pizza             |       |     1 |       |       ||     1
       Meat ration       |       |       |     2 |       ||     2
Armor: Scale mail        |    33 |       |    96 |    63 ||   192
       Chain mail        |    63 |    31 |       |       ||    94
       Plate armour      |       |    56 |    18 |       ||    74
Dodge: Dodged            |    48 |    25 |   100 |    60 ||   233
Block: Shield            |    91 |    87 |   202 |   138 ||   518
